Map: Acropolis LE

Players

Djorn - Winner!

  • Race: Protoss Protoss
  • League: Bronze
  • Spawn Location: 5:00

A.I. 1 (Medium)

  • Race: Zerg Zerg
  • Spawn Location: 11:00

VOD

Have the link to the VOD?

Description

Time

  • Played on: Aug. 26, 2019, 8:50 a.m.
  • Length: 5:05
Show
View Real Time Build Order
Export as new Build Order

Djorn Protoss - Winner!

Build Orders:  

Get SALT Encoding   

  12  0:02  Probe  
  13  0:15  Probe  
  14  0:22  Pylon  
  14  0:28  Probe  
  15  0:40  Probe  
  16  0:52  Gateway  
  16  0:53  Probe  
  17  1:01  Probe  
  17  1:03  Assimilator  
  17  1:11  Probe  
  19  1:23  Probe  
  20  1:35  Probe  
  21  1:44  Cybernetics Core  
  21  1:50  Pylon  
  21  2:05  Zealot  
  22  2:23  Gateway  
  22  2:33  Warp Gate  
  22  2:40  Adept  
  24  2:54  Pylon  
  24  2:57  Pylon  
  24  3:03  Pylon  
  24  3:08  Pylon  
  24  3:10  Pylon, Adept  
  26  3:17  Gateway  
  26  3:19  Gateway  
  26  3:22  Gateway  
  26  3:23  Adept  
  28  3:46  Zealot  
  30  3:51  Zealot  
  32  3:55  Assimilator  
  32  3:58  Probe  
  33  4:10  Probe  
  34  4:18  Zealot  
  36  4:27  Adept  
  36  4:28  Adept  
  40  4:36  Stalker  
  40  4:37  Stalker  
  42  4:58  Stalker  
  42  4:59  Stalker x2  
Show
View Real Time Build Order
Export as new Build Order

A.I. 1 (Medium) Zerg 

Build Orders: 1 Base Baneling Bust, Pool Only 

Get SALT Encoding   

  12  0:00  Drone  
  13  0:12  Overlord  
  13  0:16  Drone  
  14  0:31  Drone  
  14  0:33  Drone  
  16  0:42  Spawning Pool  
  15  0:45  Drone  
  15  0:49  Drone  
  17  0:52  Extractor  
  17  0:56  Drone  
  17  1:06  Overlord  
  17  1:30  Queen  
  17  1:31  Zergling x2  
  20  1:38  Roach Warren, Drone  
  20  1:39  Extractor  
  19  1:47  Zergling x2  
  19  1:49  Drone  
  21  2:00  Drone  
  22  2:14  Overlord  
  22  2:21  Roach  
  24  2:37  Overlord  
  24  2:38  Roach  
  26  2:54  Roach  
  28  3:03  Drone  
  29  3:06  Drone  
  29  3:09  Roach  
  32  3:14  Overlord  
  32  3:19  Drone  
  33  3:23  Drone  
  33  3:25  Roach  
  36  3:33  Drone  
  37  3:41  Drone, Roach  
  37  3:42  Baneling Nest  
  37  3:44  Drone  
  40  3:49  Evolution Chamber  
  40  3:52  Drone  
  40  3:57  Roach  
  42  4:13  Roach  
Tags
 
Add a new tag
Caveats
  • Supply blocks, unpowered buildings, or Contaminate may cause inaccurate times.
  • Supply counts are checked every 10 seconds.